 Dungeon Crawl Stone Soup version 0.31-a0-1009-g454b1f1 (webtiles) character file.

Game seed: 10838263762901903594

3 Partyfoot the Grasshopper (level 1, -1/19 HPs)
             Began as a Naga Warper on Nov 14, 2023.
             Was a Follower of Lugonu.
             Slain by a quokka (3 damage)
             ... on level 1 of the Dungeon.
             The game lasted 00:02:25 (72 turns).

Partyfoot the Grasshopper (Naga Warper)               Turns: 72, Time: 00:02:25

Health: -1/19      AC:  8    Str: 13    XL:     1   Next: 50%
Magic:  3/3        EV:  9    Int: 13    God:    Lugonu [*.....]
Gold:   0          SH:  0    Dex: 10    Spells: 4/4 levels left

rFire   . . .        f - +1 mace (protect)
rCold   . . .        (no shield)
rNeg    . . .        b - +0 leather armour
rPois   +            (no helmet)
rElec   .            (no cloak)
rCorr   .            (no gloves)
SInv    +            (no barding)
Will    .....        (no amulet)
Stlth   +            (no ring)
HPRegen 0.23/turn    (no ring)
MPRegen 0.08/turn

%: no passive effects
@: under a protective aura, very slow
A: AC +0, large, see invisible, deformed body, poison resistance, slowness 2,
spit poison 1, naga tail 1
a: Spit Poison, Renounce Religion, Depart the Abyss


You were on level 1 of the Dungeon.
You worshipped Lugonu.
Lugonu was aware of your devotion.
You visited 1 branch of the dungeon, and saw 1 of its levels.

Inventory:

Hand Weapons
 f - a +1 mace of protection (weapon)
Missiles
 d - 7 darts of dispersal (quivered)
Armour
 b - a +0 leather armour (worn)
Jewellery
 e - a ring of fire
Scrolls
 a - a scroll of identify {unknown}
 c - a scroll of blinking


   Skills:
 + Level 2.0 Fighting
 + Level 2.0 Polearms
 - Level 0.8 Throwing
 - Level 0.7 Armour
 - Level 1.5 Dodging
 + Level 2.0 Spellcasting
 + Level 3.0 Translocations


You had 4 spell levels left.
You didn't know any spells.
Your spell library contained the following spells:

 Spells                   Type           Power      Damage    Failure   Level
 Blink                    Tloc           18%        N/A       14%         2
 Lesser Beckoning         Tloc           18%        N/A       14%         2
 Teleport Other           Tloc           9%         N/A       26%         3
 Manifold Assault         Tloc           9%         N/A       65%         4
 Vhi's Electric Charge    Tloc/Air       10%        N/A       86%         4


Dungeon Overview and Level Annotations

Branches:
Dungeon (1/15)

Altars:
Lugonu


Innate Abilities, Weirdness & Mutations

Your serpentine skin is tough. (AC +0)
You have supernaturally acute eyesight. (SInv)
Armour fits poorly on your strangely shaped body.
Your system is resistant to poisons. (rPois)
You cover ground very slowly.
You can spit poison.
You have a snake-like lower body.


Message History

The jackal barely misses you. x2
The kobold hits you but does no damage. The jackal attacks as it pursues you!
The jackal bites you but does no damage.
The kobold hits you but does no damage.
You are too injured to fight recklessly!
You are too injured to fight recklessly!
You are too injured to fight recklessly!
You are too injured to fight recklessly!
You hit the kobold.
The kobold is severely wounded.
The quokka bites you but does no damage.
The jackal bites you but does no damage.
The quokka bites you but does no damage.
The kobold hits you but does no damage.
You hit the kobold.
You kill the kobold!
Lugonu accepts your kill. The jackal closely misses you.
The quokka bites you but does no damage.
The jackal barely misses you. The quokka bites you.
* * * LOW HITPOINT WARNING * * *
The jackal barely misses you.
You are too injured to fight recklessly!
You are too injured to fight recklessly!
You are too injured to fight recklessly!
You are too injured to fight recklessly!
You closely miss the jackal. The jackal bites you.
* * * LOW HITPOINT WARNING * * *
The jackal barely misses you. x2; The quokka barely misses you.
The jackal barely misses you.
You hit the jackal but do no damage. The jackal closely misses you.
The quokka bites you but does no damage.
The jackal bites you but does no damage. x2
The quokka barely misses you. The jackal closely misses you.
You barely miss the jackal. The jackal bites you.
* * * LOW HITPOINT WARNING * * *
The quokka bites you but does no damage.
The jackal bites you but does no damage. x2
The quokka bites you.
You die...

#.#.⌠.⌠.....#.#
##.#........##.#
##...)⌠._...###.#
##............#...
#......⌠....#.....
#..........##.#...
#..†.....>###.##.#
#.r.......# #.##.#
#@hh......# ...#.#
##h.........#.##..
.........###..###
#.........# ##
..........#
#.#........#
...........
#.#$.......#


You could see a quokka and 3 jackals.

Vanquished Creatures
  A jackal (D:1)
  A kobold (D:1)
  A frilled lizard (D:1)
3 creatures vanquished.

Notes
Turn   | Place    | Note
-------+----------+-------------------------------------------
     0 | D:1      | Partyfoot the Naga Warper began the quest for the Orb.
     0 | D:1      | Reached XP level 1. HP: 19/19 MP: 3/3
    14 | D:1      | Found a faded altar of an unknown god.
    21 | D:1      | Prayed at the altar of an unknown god.
    21 | D:1      | Became a worshipper of Lugonu the Unformed
    21 | D:1      | Reached * piety under Lugonu
    72 | D:1      | Slain by a quokka

Illustrated notes

Levels and vault maps discovered:
D:1:      dpeg_arrival_court, layout_rooms, hellmonk_ecumenical_altar_run_dry,
          nicolae_kite_square_tiling_tiny, hex_tiny

Action                     || total
---------------------------++-------
  Melee: Mace              ||    18
 Armour: Leather armour    ||    40
  Dodge: Dodged            ||    29

Table legend: (Time is in decaauts)
 A = Elapsed time spent in this place.
 B = Non-inter-level travel time spent in this place.
 C = Inter-level travel time spent in this place.
 D = Time resting spent in this place.
 E = Time spent auto-exploring this place.
 F = Levels seen in this place.
 G = Mean time per level.
                   A        B        C        D        E       F      G
               +--------+--------+--------+--------+--------+-----+--------+
         Total |     95 |     95 |      0 |      0 |      6 |   1 |   95.0 |
       Dungeon |     95 |     95 |      0 |      0 |      6 |   1 |   95.0 |
               +--------+--------+--------+--------+--------+-----+--------+

Top non-repeatable levels by time:
     D:1: 95 daAuts
